 Dungeon Crawl Stone Soup version 0.30-a0-847-g17996783a1 (webtiles) character file.

Game seed: 10022580202924533340

54 nabru the Covered (level 3, -5/32 (33) HPs)
             Began as an Armataur Fighter on Nov 16, 2020.
             Slain by a wight
             ... wielding a +4 battleaxe
              (16 damage)
             ... on level 4 of the Dungeon on Mar 4, 2023.
             The game lasted 00:04:32 (784 turns).

nabru the Covered (Armataur Fighter)                 Turns: 784, Time: 00:04:32

HP:   -5/32 (33)    AC:  3    Str: 21    XL:     3   Next: 66%
MP:   3/3           EV:  8    Int:  8    God:
Gold: 97            SH:  8    Dex:  9    Spells: 2/2 levels left

rFire   . . .      SeeInvis +    a - +0 trident
rCold   . . .      Faith    .    c - +0 kite shield
rNeg    . . .      Spirit   .    (no body armour)
rPois   .          Reflect  .    (no helmet)
rElec   .          Rampage  .    (no cloak)
rCorr   +                        (no gloves)
Will    .....                    (no barding)
Stlth   +                        j - amulet of the acrobat
HPRegen 0.25/turn                e - ring of flight
MPRegen 0.08/turn                h - ring of resist corrosion

@: lethally poisoned (-5 -> -9), flying, lightly drained
A: large, rugged brown scales 3, see invisible, deformed body, roll 1, armoured
tail
a: no special abilities


You were on level 4 of the Dungeon.
You visited 1 branch of the dungeon, and saw 4 of its levels.

You collected 97 gold pieces.

Inventory:

Hand Weapons
 a - a +0 trident (weapon)
Armour
 b - a +0 scale mail
 c - a +0 kite shield (worn)
 g - the +0 robe of Morality {rC+}
   (You found it on level 2 of the Dungeon)

   rC:        It protects you from cold.
Jewellery
 e - a ring of flight (left hand)
 h - a ring of resist corrosion (right hand)
 j - an amulet of the acrobat (around neck)
Potions
 d - a potion of might
 f - 2 potions of curing {unknown}
 i - a potion of degeneration {unknown}


   Skills:
 + Level 3.2 Fighting
 + Level 1.9 Polearms
 + Level 4.2 Armour
 + Level 0.2 Dodging
 + Level 3.9 Shields


You had 2 spell levels left.
You didn't know any spells.
Your spell library was empty.

Dungeon Overview and Level Annotations

Branches:
Dungeon (4/15)
 Temple: D:4-7

Altars:
Vehumet

Annotations:
D:2 Natasha


Innate Abilities, Weirdness & Mutations

You are completely covered in rugged brown scales. (AC +3, +7% HP)
You have supernaturally acute eyesight. (SInv)
Armour fits poorly on your strangely shaped body.
You can roll at nearby foes to attack.
You have a long armoured tail.


Message History

You kill the dart slug!
Found 14 gold pieces.
You see here a dart slug corpse.
You see here a dart slug corpse.
You now have 83 gold pieces (gained 14).
There are no items here.
You see here a dart slug corpse.
There is a stone staircase leading down here.
You fly downwards.
Found a stone staircase leading down.
There is a stone staircase leading up here.
Unknown command.
Found 14 gold pieces.
You puncture the goblin!
You kill the goblin!
Found 14 gold pieces.
Things that are here:
a +0 dagger; a goblin corpse A wight comes into view.
It is wielding a +5 hand axe and quivering poisoned darts.
The wight throws a poisoned dart.
The poisoned dart hits you!
You are poisoned.
You feel sick.
The wight throws a poisoned dart.
You block the poisoned dart.
A wight comes into view. It is wielding a +4 battleaxe.
You feel sick.
You see here 14 gold pieces.
You now have 97 gold pieces (gained 14).
You feel sick.
The wight throws a poisoned dart.
The poisoned dart hits you!
You are more poisoned.
You feel very sick.
You feel sick. You block the wight's attack.
h - a ring of resist corrosion (right hand)
You feel sick.
You barely miss the wight. You tail-slap the wight.
The wight is heavily damaged.
You feel sick.
A wight comes into view. It is wielding a +3 halberd.
The wight hits you with a +5 hand axe. x2; You feel drained.
The wight hits you with a +4 battleaxe!
Ouch! That really hurt!
You die...

#. ### ... ....#####
###.. .......<###
##$...
##..#.....###..#
#.........#
#.....>###)z..#######
#.#.... #z@.........
....##...z###........
.### ####. ######.##
## #


You could see 3 wights.

Vanquished Creatures
  Natasha (D:2)
  An adder (D:3)
  A worm (D:2)
  2 dart slugs
  A ball python (D:2)
  A hobgoblin (D:1)
  3 kobolds (D:1)
  3 bats (D:1)
  A frilled lizard (D:1)
  2 goblins
  A rat (D:2)
17 creatures vanquished.

Notes
Turn   | Place    | Note
-------+----------+-------------------------------------------
     0 | D:1      | nabru the Palentonga Fighter began the quest for the Orb.
     0 | D:1      | Reached XP level 1. HP: 20/20 MP: 1/1
   148 | D:1      | Reached skill level 3 in Armour
   148 | D:1      | Upgraded the game from 0.26-a0-834-g69557b85cc to
                  | 0.30-a0-393-g54b8e3be05
   233 | D:1      | Reached XP level 2. HP: 26/26 MP: 2/2
   233 | D:1      | Upgraded the game from 0.30-a0-393-g54b8e3be05 to
                  | 0.30-a0-847-g17996783a1
   345 | D:2      | Identified the +0 robe of Morality {rC+}
   353 | D:2      | Noticed Natasha
   360 | D:2      | Killed Natasha
   361 | D:2      | Reached skill level 4 in Armour
   361 | D:2      | Reached XP level 3. HP: 22/33 MP: 3/3
   632 | D:2      | Found a radiant altar of Vehumet.
   640 | D:2      | Noticed Natasha
   776 | D:4      | Noticed a wight
   778 | D:4      | Noticed a wight
   784 | D:4      | Noticed a wight
   784 | D:4      | Slain by a wight

Illustrated notes

Levels and vault maps discovered:
D:1:      mrwooster_arrival_statue, layout_basic, minmay_hedge_maze,
          moated_statue
D:2:      layout_loops_ring, serial_shops, nicolae_shop_trees, basic_altar,
          ebering_ecumenical_altar_mist, uniq_natasha, uniq_jessica
D:3:      layout_basic, mainiacjoe_overflow_alcove_2,
          nicolae_concentric_dashed_squares_mild
D:4:      layout_rooms, kennysheep_big_empty_room, uniq_pikel

Skill      XL: |  1  2 |
---------------+-------+-----
Fighting       | 2 3 |  3.2
Armour         | 3 4 |  4.2
Shields        | 3 |  3.9
Polearms       | |  1.9
Dodging        | |  0.2

Action                     || total
---------------------------++-------
  Melee: Trident           ||    62
         Tailslap          ||     6
    Use: Scroll            ||     2
         Potion            ||     1
 Armour: Scale mail        ||    27
         Skin              ||    10
  Dodge: Dodged            ||    41
  Block: Kite shield       ||    43

Table legend: (Time is in decaauts)
 A = Elapsed time spent in this place.
 B = Non-inter-level travel time spent in this place.
 C = Inter-level travel time spent in this place.
 D = Time resting spent in this place.
 E = Time spent auto-exploring this place.
 F = Levels seen in this place.
 G = Mean time per level.
                   A        B        C        D        E       F      G
               +--------+--------+--------+--------+--------+-----+--------+
         Total |    811 |    811 |      0 |      0 |    231 |   4 |  202.8 |
       Dungeon |    811 |    811 |      0 |      0 |    231 |   4 |  202.8 |
               +--------+--------+--------+--------+--------+-----+--------+

Top non-repeatable levels by time:
     D:1: 311 daAuts
     D:2: 293 daAuts
     D:3: 189 daAuts
     D:4: 15 daAuts
